 Dungeon Crawl Stone Soup version 0.21-a0-641-geef9d7f (webtiles) character file.

294 Leszczynek the Ruffian (level 6, -3/55 HPs)
             Began as a Troll Skald on Dec 30, 2017.
             Slain by an orc warrior
             ... wielding a +0 scimitar
              (5 damage)
             ... on level 5 of the Dungeon.
             The game lasted 00:03:54 (588 turns).

Leszczynek the Ruffian (Troll Skald)                 Turns: 588, Time: 00:03:54

Health: -3/55      AC:  5    Str: 20    XL:     6   Next: 11%
Magic:  6/6        EV: 10    Int:  9    God:
Gold:   94         SH:  0    Dex: 11    Spells: 4/7 levels left

rFire    . . .     SeeInvis .     - Unarmed
rCold    . . .     Gourm    +   (no shield)
rNeg     . . .     Faith    .   a - +0 robe
rPois    .         Spirit   .   (helmet restricted)
rElec    .         Reflect  .   (no cloak)
rCorr    .         Harm     .   (gloves unavailable)
MR       .....                  (boots unavailable)
Stlth    +.........             (no amulet)
HPRegen  0.58/turn              (no ring)
MPRegen  0.10/turn              (no ring)

@: no status effects
A: large, unfitting armour, claws 3, fast metabolism 3, gourmand, regeneration
1, shaggy fur 1, tough skin 2
a: no special abilities


You were on level 5 of the Dungeon.
You were completely stuffed.

You visited 1 branch of the dungeon, and saw 6 of its levels.

You collected 94 gold pieces.

Inventory:

Armour
 a - a +0 robe (worn)
Scrolls
 g - a scroll of fog {unknown}
 h - a scroll of enchant weapon {unknown}
 j - 2 scrolls of blinking {unknown}
 k - a scroll of identify {unknown}
Potions
 c - a potion of flight {unknown}
 e - 3 potions of lignification {unknown}
 f - 3 potions of degeneration {unknown}
 i - a potion of heal wounds {unknown}
Books
 b - a book of Battle

   Spells                             Type                      Level
   a - Infusion                       Charms                       1
   b - Shroud of Golubria             Charms/Translocation         2
   c - Song of Slaying                Charms                       2
   d - Spectral Weapon                Hexes/Charms                 3
   e - Regeneration                   Charms/Necromancy            3
Comestibles
 d - 4 rations
 l - 12 chunks of flesh


   Skills:
 - Level 1.5 Fighting
 - Level 1.9 Dodging
 + Level 6.5 Unarmed Combat
 - Level 1.2 Spellcasting
 - Level 2.0 Charms


You had 4 spell levels left.
You knew the following spells:

 Your Spells              Type           Power        Failure   Level  Hunger
a - Infusion              Chrm           #...         16%         1    ##.....
b - Song of Slaying       Chrm           #.......     24%         2    ###....


Dungeon Overview and Level Annotations

Branches:
Dungeon (6/15)
 Temple: D:4-7

Altars:


Innate Abilities, Weirdness & Mutations

You are too large for most types of armour.
You have claws for hands.
Your metabolism is lightning-fast.
You like to eat raw meat.
Your natural rate of healing is unusually fast.
You are covered in fur. (AC +1)
You have very tough skin. (AC +2)


Message History

The orc warrior hits you with a scimitar!!
You scratch the orc priest but do no damage.
The orc priest is moderately wounded.
The orc priest hits you. The orc warrior barely misses you.
You scratch the orc priest.
The orc priest is heavily wounded.
The orc priest barely misses you.
The orc warrior hits you with a scimitar!
* * * LOW HITPOINT WARNING * * *
Some of the chunks of flesh in your inventory have rotted away.
You scratch the orc priest but do no damage.
The orc priest is heavily wounded.
The orc priest calls down the wrath of Beogh upon you.
Beogh smites you!
* * * LOW HITPOINT WARNING * * *
Unknown command.
You closely miss the orc priest.
The orc priest is heavily wounded.
The orc warrior hits you with a scimitar.
You die...

........####............#
........# #...........###
........#
###.#.#.........
#......##
###.#.#.##...... ###.....
................ #.##.##
###.#.#.###..### #...#.#
.... ######.o#.####.###
.......@o......#
################


You could see an orc warrior and an orc priest.

Vanquished Creatures
  A phantom (D:5)
  An ogre (D:5)
  An orc wizard (D:5)
  4 gnolls (D:4)
  An adder (D:3)
  An ooze (D:4)
  A worm (D:2)
  A dart slug (D:1)
  4 orcs (D:5)
  3 giant cockroaches
  2 goblins
  A hobgoblin (D:3)
  6 kobolds
  A quokka (D:2)
  3 bats
  3 frilled lizards
  2 rats
36 creatures vanquished.

Notes
Turn   | Place    | Note
-------+----------+-------------------------------------------
     0 | D:1      | Leszczynek the Troll Skald began the quest for the Orb.
     0 | D:1      | Reached XP level 1. HP: 19/19 MP: 1/1
    72 | D:1      | Reached XP level 2. HP: 27/27 MP: 2/2
   182 | D:2      | Reached skill level 3 in Unarmed Combat
   259 | D:3      | Reached XP level 3. HP: 30/33 MP: 3/3
   274 | D:3      | Learned a level 2 spell: Song of Slaying
   363 | D:4      | Reached skill level 4 in Unarmed Combat
   369 | D:4      | Reached XP level 4. HP: 41/41 MP: 4/4
   423 | D:5      | Entered Level 5 of the Dungeon
   428 | D:5      | Noticed a phantom
   445 | D:5      | Killed a phantom
   445 | D:5      | Reached skill level 5 in Unarmed Combat
   445 | D:5      | Reached XP level 5. HP: 37/48 MP: 5/5
   446 | D:5      | Noticed an ogre
   453 | D:5      | Killed an ogre
   453 | D:5      | Reached skill level 6 in Unarmed Combat
   525 | D:5      | Reached XP level 6. HP: 28/55 MP: 6/6
   580 | D:6      | Noticed an orc warrior
   586 | D:5      | HP: 10/55 [orc warrior/scimitar (8)]
   587 | D:5      | HP: 1/55 [orc priest/divine providence (9)]
   588 | D:5      | Slain by an orc warrior

Vault maps used:
D:1:      elethiomel_arrival_quiet, minivault_26, minmay_misc_feat_four_crosses,
          evilmike_ruin_ashenzari
D:2:      lemuel_doored_altar
D:3:      first_ration, uniq_robin, uniq_crazy_yiuf_cottage
D:4:      minmay_temple_entry_water_ring, uniq_duvessa
D:6:      serial_shops, shop

Skill      XL: |  1  2  3  4  5 |
---------------+----------------+-----
Unarmed Combat | 3 4 5 6 |  6.5
Fighting       | |  1.5
Dodging        | |  1.9
Spellcasting   | |  1.2
Charms         | |  2.0

Action                   |  1- 3 |  4- 6 || total
-------------------------+-------+-------++-------
Melee: Unarmed           |    98 |    52 ||   150
       Punch             |       |     1 ||     1
  Eat: Chunk             |     8 |     3 ||    11
Armor: Robe              |    44 |     7 ||    51
Dodge: Dodged            |    53 |    20 ||    73

Table legend:
 A = Spawn XP
 B = Non-spawn XP
 C = Spawn XP percentage of total XP
 D = Spawn monster count
 E = Non-spawn monster count
 F = Spawn count percentage of total count
 G = Total turns spent on level
                    A         B        C        D         E        F      G
               +---------+---------+-------+---------+---------+-------+---------
         Total |       0 |     421 |   0.0 |       0 |      36 |   0.0 |   588
               +---------+---------+-------+---------+---------+-------+---------
           D:1 |       0 |      15 |   0.0 |       0 |       8 |   0.0 |   123
           D:2 |       0 |      13 |   0.0 |       0 |       6 |   0.0 |   103
           D:3 |       0 |      26 |   0.0 |       0 |       9 |   0.0 |   142
           D:4 |       0 |      63 |   0.0 |       0 |       5 |   0.0 |    55
           D:5 |       0 |     304 |   0.0 |       0 |       8 |   0.0 |   163
               +---------+---------+-------+---------+---------+-------+---------
